Map: Tours du crépuscule

Players

BLABLA - Winner!

  • Race: Protoss Protoss
  • League: Silver

pupu

  • Race: Protoss Protoss
  • League: Gold

VOD

Have the link to the VOD?

Description

Time

  • Played on: April 18, 2016, 10:36 a.m.
  • Length: 5:26
Show
View Real Time Build Order
Export as new Build Order

BLABLA Protoss - Winner!

Build Orders:  

Get SALT Encoding   

  12  0:03  Probe (Chrono Boost)  
  13  0:14  Probe (Chrono Boost)  
  14  0:31  Pylon  
  14  0:36  Probe (Chrono Boost)  
  14  0:37  Assimilator  
  14  0:42  Assimilator  
  16  0:50  Probe (Chrono Boost)  
  16  0:54  Gateway  
  16  1:04  Pylon  
  16  1:19  Probe (Chrono Boost)  
  17  1:30  Probe (Chrono Boost)  
  18  1:43  Cybernetics Core  
  18  1:47  Pylon  
  18  1:57  Gateway  
  18  2:01  Probe (Chrono Boost)  
  19  2:11  Probe (Chrono Boost)  
  20  2:22  Probe (Chrono Boost)  
  21  2:29  Robotics Facility  
  21  2:45  Probe (Chrono Boost)  
  22  2:55  Probe (Chrono Boost)  
  23  3:02  Gateway  
  23  3:06  Probe (Chrono Boost)  
  23  3:12  Stalker (Chrono Boost)  
  26  3:16  Probe (Chrono Boost)  
  27  3:24  Immortal (Chrono Boost)  
  31  3:43  Stalker (Chrono Boost)  
  33  3:50  Stalker (Chrono Boost)  
  35  4:02  Immortal (Chrono Boost)  
  39  4:18  Pylon  
  39  4:25  Pylon  
  39  4:36  Probe, Stalker (Chrono Boost)  
  44  4:39  Stalker (Chrono Boost)  
  44  4:48  Probe  
Show
View Real Time Build Order
Export as new Build Order

pupu Protoss 

Build Orders: 1 Gate Expand 

Get SALT Encoding   

  12  0:01  Probe (Chrono Boost)  
  13  0:11  Probe (Chrono Boost)  
  14  0:18  Pylon  
  14  0:22  Probe (Chrono Boost)  
  15  0:36  Probe (Chrono Boost)  
  15  0:38  Gateway  
  16  0:47  Probe (Chrono Boost)  
  17  1:14  Nexus  
  17  1:18  Probe (Chrono Boost)  
  17  1:21  Assimilator  
  18  1:29  Probe (Chrono Boost)  
  19  1:38  Cybernetics Core  
  20  1:40  Probe (Chrono Boost)  
  20  1:50  Probe (Chrono Boost)  
  20  1:51  Assimilator  
  21  1:55  Pylon  
  21  2:01  Probe (Chrono Boost)  
  22  2:10  Forge  
  22  2:11  Probe (Chrono Boost)  
  23  2:19  Warp Gate (Chrono Boost)  
  23  2:22  Probe  
  24  2:24  Probe  
  25  2:35  Probe  
  25  2:36  Twilight Council, Probe  
  27  2:44  Pylon  
  27  2:46  Probe  
  27  2:48  Probe, Protoss Ground Weapons Level 1  
  29  2:55  Pylon  
  29  3:02  Probe  
  29  3:03  Probe  
  31  3:13  Probe  
  31  3:14  Probe  
  31  3:19  Assimilator  
  33  3:23  Charge (Chrono Boost)  
  33  3:28  Probe x2  
  35  3:43  Robotics Facility  
  35  3:45  Probe x2  
  37  3:59  Photon Cannon  
  37  4:00  Probe x2  
  37  4:02  Photon Cannon  
  39  4:09  Photon Cannon  
  39  4:12  Probe  
  39  4:14  Probe, Photon Cannon  
  43  4:24  Probe  
  43  4:30  Warp Prism  
  44  4:38  Probe x2  
  46  4:42  Pylon  
  46  4:46  Gateway  
  46  4:49  Gateway  
  46  4:52  Gateway  
  46  4:55  Assimilator  
  46  4:56  Probe x2  
  48  5:03  Pylon  
  48  5:05  Pylon  
  48  5:08  Probe x2  
Tags
 
Add a new tag
Caveats
  • Supply blocks, unpowered buildings, or Contaminate may cause inaccurate times.
  • Supply counts are checked every 10 seconds.